[Event "FIDE WSCC 50 2022"]
[Site "Assisi"]
[Date "2022.11.18"]
[Round "4.8"]
[White "Arakhamia-Grant, Ketevan"]
[Black "Antic, Dejan"]
[Result "1/2-1/2"]
[ECO "C11"]
[WhiteElo "2327"]
[BlackElo "2412"]
[Annotator "TA"]
[PlyCount "67"]
[EventDate "2022.11.14"]
[EventType "swiss"]
[EventCountry "ITA"]
[SourceTitle "playchess.com"]
[Source "ChessBase"]
[SourceQuality "1"]
[TimeControl "40/5400+30:1800+30"]

1. e4 e6 2. d4 d5 3. Nc3 Nf6 4. e5 Nfd7 5. f4 c5 6. Nf3 Nc6 7. Be3 cxd4 8. Nxd4 Bc5 9. Qd2 O-O 10. O-O-O a6 11. Nb3 b6 {[%emt 0:12:05] C11: French: Classical System: 4 e5 and 4 Bg5 dxe4.} 12. h4 Bb7 13. h5 Rc8 14. Rh3 Qe7 {[%emt 0:05:09] [#]} 15. h6 $146 ({Predecessor:} 15. Kb1 Rfd8 16. Ne2 f6 17. Ned4 fxe5 18. fxe5 Rf8 19. Nxc6 Bxc6 20. h6 g6 21. Bg5 {1-0 (37) Nijboer,F (2578)-Glek,I (2551) Apeldoorn 2001}) 15... Bxe3 16. Qxe3 g6 17. g4 Nc5 18. Nd4 b5 19. a3 Rfd8 20. Bg2 Na5 21. Kb1 Nc4 22. Qe1 Nd7 23. Na2 ({White should try} 23. Bf1 $14) 23... Ndb6 (23... g5 $15 24. f5 Ndxe5) 24. Bf1 Na4 25. Bxc4 dxc4 26. Nc3 Nc5 27. Qe3 Nd7 (27... Ba8 $11 {might be stronger.}) 28. Rh2 b4 29. axb4 Qxb4 30. Rhd2 $1 {[%emt 0:00:36][%cal Od4e6] [#] And now Nxe6! would win.} Rb8 {[%emt 0:00:52][%cal Ob7f3] White must now prevent ...Bf3!} 31. Na2 ({Not} 31. Nxe6 $2 Bc6 32. b3 fxe6 $19) 31... Qe7 32. Kc1 Bd5 ({Black should play} 32... Nb6 $1 $11) 33. Ne2 (33. Qa3 $14 Qxa3 34. bxa3) 33... Nb6 (33... Nc5 $11) 34. Qa3 {[%emt 0:03:57] Weighted Error Value: White=0.18 (very precise) /Black=0.18 (very precise)} 1/2-1/2

[Event "FIDE WSCC 50 2022"]
[Site "Assisi"]
[Date "2022.11.18"]
[Round "4.9"]
[White "Dishman, Stephen"]
[Black "Arkell, Keith C"]
[Result "1-0"]
[ECO "A30"]
[WhiteElo "2255"]
[BlackElo "2408"]
[Annotator "TA"]
[PlyCount "93"]
[EventDate "2022.11.14"]
[EventType "swiss"]
[EventCountry "ITA"]
[SourceTitle "playchess.com"]
[Source "ChessBase"]
[SourceQuality "1"]
[TimeControl "40/5400+30:1800+30"]

1. Nf3 Nf6 2. c4 b6 3. g3 Bb7 4. Bg2 c5 5. O-O g6 6. b3 Bg7 7. Bb2 O-O 8. d4 cxd4 9. Qxd4 Nc6 10. Qh4 {[%emt 0:02:34] A30: Symmetrical English: Double Fianchetto and Hedgehog.} h6 11. Bxf6 Bxf6 12. Qxh6 {[%emt 0:00:08][%cal Of3g5] [#] White is slightly better.} e6 $146 {[%emt 0:00:05] Hoping for ...Bg7.} (12... Bxa1 $2 13. Ng5 Re8 14. Qh7+ Kf8 15. Qxf7#) (12... Bg7 13. Qh4 $16) ({Predecessor:} 12... Nd4 13. Nxd4 Bxd4 14. Bxb7 Rb8 15. Nd2 Bg7 16. Qh4 Bxa1 17. Rxa1 Rxb7 18. Qh6 d5 {1-0 (48) Dizdarevic,E (2530)-Galic,Z (2365) Porec 1998}) 13. Nc3 $1 Bg7 (13... Bxc3 $2 14. Ng5 Qxg5 15. Qxg5 $18) (13... Nb4 $14) 14. Qd2 $16 d5 15. cxd5 exd5 16. Rad1 (16. Nxd5 $6 Bxa1 17. Rxa1 Nd4 $11) (16. Rfd1 {looks sharper.} d4 17. Nb5 Qe7 18. Nbxd4 Nxd4 19. Nxd4 Bxd4 20. Qxd4 Bxg2 21. Kxg2 Qxe2 22. Rd2) 16... d4 17. Nb5 Rc8 18. Nfxd4 {[%emt 0:07:20] White has more active pieces.} Nxd4 19. Nxd4 Bxg2 20. Kxg2 Qxd4 21. Qxd4 Bxd4 22. Rxd4 {[%emt 0:00:07][%mdl 4096] Endgame KRR-KRR} Rc2 {[%emt 0:00:03] Prevents Rd2.} 23. e3 Rxa2 (23... Re8 $16 {was worth a try.}) 24. Rc1 $1 $18 Rb2 25. b4 f6 26. Rc7 Rf7 27. Rdd7 Rxd7 28. Rxd7 Rxb4 (28... a6 $16) 29. Rxa7 $16 {[%emt 0:00:08] KR-KR} g5 30. h3 Kf8 31. f4 gxf4 (31... Rb3 $142 32. Kf3 gxf4) 32. exf4 $18 (32. gxf4 Rb1 33. Kg3 Rg1+ 34. Kf3 f5 $18) 32... f5 $2 (32... Rb2+ 33. Kf3 Rb3+ 34. Kg4 Re3) 33. h4 Rb2+ 34. Kh3 Rb1 35. Rd7 Rb5 36. h5 Kg8 37. Kh4 {[%emt 0:00:59] White threatens h6 and mate.} Rc5 38. h6 Rc6 39. h7+ Kh8 40. Rf7 $2 (40. Kg5 $18 Rc3 41. g4 fxg4 42. Kxg4) 40... b5 $11 41. Rb7 $1 {[%emt 0:35:31] Threatens to win with Kg5.} Rc5 $2 (41... b4 $11) 42. Rf7 $2 (42. Kg5 $18 Rc3 43. g4 (43. Rxb5 Rxg3+ 44. Kxf5 Kxh7 $14) 43... fxg4 44. Kxg4) 42... b4 43. Rb7 Rd5 $2 (43... Rc3 $11) 44. Rxb4 $18 Kxh7 $2 (44... Rd7 45. Rb3 Rb7) 45. Kg5 $2 (45. Rb3 $18 {and the rest is easy.} Kg6 46. Rb6+ Kf7 47. Kg5) 45... Rd3 $16 {[%emt 0:00:00] [#]} 46. Rb7+ $1 (46. Kxf5 Rxg3 47. Ke5 Ra3 $11) 46... Kg8 $2 {[%emt 0:00:00] [#]} (46... Kh8 $16 {is more resistant.} 47. Kh4 (47. Kxf5 Rxg3 48. Kf6 Kg8 $16) 47... Rd8) 47. Kh4 $1 {[%emt 0:00:00] Weighted Error Value: White=0.63/Black=0.61} 1-0

[Event "FIDE WSCC 50 2022"]
[Site "Assisi"]
[Date "2022.11.18"]
[Round "4.10"]
[White "Bellia, Fabrizio"]
[Black "Welling, Gerard"]
[Result "1/2-1/2"]
[ECO "C10"]
[WhiteElo "2398"]
[BlackElo "2255"]
[Annotator "TA"]
[PlyCount "98"]
[EventDate "2022.11.14"]
[EventType "swiss"]
[EventCountry "ITA"]
[SourceTitle "playchess.com"]
[Source "ChessBase"]
[SourceQuality "1"]
[TimeControl "40/5400+30:1800+30"]

1. e4 e6 2. d4 d5 3. Nd2 dxe4 4. Nxe4 Bd7 5. Nf3 Bc6 6. Bd3 Nd7 7. O-O Ngf6 8. Ng3 Be7 9. Qe2 Bxf3 {[%emt 0:00:12] 9...Bxf3 scores better than 9...0-0.} 10. Qxf3 c6 11. Rd1 {[%emt 0:00:15] C10: French with 3 Nc3: Unusual Black 3rd moves and 3...dxe4.} O-O 12. c4 Re8 13. b3 {[%emt 0:01:08] White is slightly better.} Qa5 14. a3 {[%emt 0:01:05] [#]} Bf8 $146 ({Predecessor:} 14... Rad8 15. Bb2 Qg5 16. Re1 Qg4 17. Qe3 Bd6 18. b4 a6 19. Be2 Qh4 20. Qf3 Nf8 {1-0 (78) Paravyan,D (2617)-Rustemov,A (2525) Chess.com INT 2022}) 15. Rb1 c5 (15... Rad8 $14) 16. b4 $1 $16 {[%emt 0:19:39] White is more active.} (16. Qxb7 $6 cxd4 17. b4 Qb6 18. Qxb6 axb6 $11) 16... cxb4 17. axb4 ({Much worse is} 17. Qxb7 $6 bxa3 18. Ra1 e5 $15) 17... Bxb4 18. Qxb7 (18. Bf4 $16) 18... Bc3 (18... Rab8 $11 19. Qf3 Bc3) 19. Be3 {[%emt 0:05:29] And now Ne4 would win. This bishop pair is nice.} Rab8 20. Qf3 Rxb1 21. Rxb1 e5 22. d5 Bd2 ({Better is} 22... Bd4 $14) 23. h3 (23. Rb7 $16) 23... Bxe3 $14 24. Qxe3 g6 25. Bf1 (25. Rb7 $14) 25... Qc5 26. Ra1 Ra8 27. Ra6 {[%emt 0:03:18] [#] aiming for Qxc5.} Qxe3 28. fxe3 Kg7 29. Ra5 {[%emt 0:03:18] Prevents Nc5.} h5 30. h4 Kf8 31. e4 {[%emt 0:01:19] Threatens to win with c5.} Rc8 {[%emt 0:00:46] Against c5} 32. Rxa7 Nc5 33. Ra5 Nfxe4 34. Nxe4 Nxe4 $11 {[%emt 0:00:02][%mdl 4096] Endgame KRB-KRN} 35. Bd3 Nc5 (35... Nd6 $1 $15) 36. Be2 f5 37. g3 Rc7 38. Kg2 Ke7 39. Rb5 Nd7 40. Kf2 Kd6 41. Ra5 {[%emt 0:34:51] Prevents Ra7.} Nc5 {[%emt 0:06:04] Against Ra6+} 42. Ra8 Rb7 {[%emt 0:06:42] White must now prevent ...Ne4+.} 43. Rg8 Ne4+ 44. Kg2 ({White should play} 44. Kg1 $1 $11) 44... Rb2 (44... g5 $1 $15 45. Bf3 (45. Bxh5 Rb2+ 46. Kg1 g4 $17) (45. Rg6+ Kc5 $17) 45... gxh4 46. Bxe4 h3+ 47. Kxh3 fxe4) 45. Rxg6+ {[%emt 0:00:00] The position is equal.} Kc5 46. Kf1 Rb1+ 47. Kg2 Rb2 48. Kf1 Rb1+ 49. Kg2 Rb2 {[%emt 0:00:07] Weighted Error Value: White=0.22 (precise) /Black=0.15 (very precise)} 1/2-1/2

[Event "FIDE WSCC 50 2022"]
[Site "Assisi"]
[Date "2022.11.18"]
[Round "4.11"]
[White "Paschall, William"]
[Black "Krasenkova, Elena"]
[Result "1-0"]
[ECO "D27"]
[WhiteElo "2343"]
[BlackElo "2124"]
[Annotator "TA"]
[PlyCount "75"]
[EventDate "2022.11.14"]
[EventType "swiss"]
[EventCountry "ITA"]
[SourceTitle "playchess.com"]
[Source "ChessBase"]
[SourceQuality "1"]
[TimeControl "40/5400+30:1800+30"]

1. d4 Nf6 2. Nf3 e6 3. e3 d5 4. c4 Be7 5. Bd3 O-O 6. O-O dxc4 7. Bxc4 c5 8. Qe2 Nc6 9. Rd1 Qc7 10. Nc3 a6 11. a4 b6 {[%emt 0:01:54] D27: Queen's Gambit Accepted: Classical main line: 7 e4!? and 7 a4.} 12. d5 exd5 13. Bxd5 Bb7 {[%emt 0:00:23] The position is equal.} 14. h3 Rad8 {[%emt 0:01:42] [#]} 15. e4 $146 ({Predecessor:} 15. Bc4) 15... Nb4 {[%emt 0:03:43] [#]} (15... h6 $11) 16. Bf4 $1 $14 Qxf4 (16... Qc8 17. Bb3) 17. Bxb7 a5 18. e5 Ne8 19. Rxd8 Bxd8 20. Rd1 Nc7 21. g3 $36 {[%emt 0:04:47][%mdl 2048] White is really pushing.} Qh6 22. Kg2 Ne6 23. Qc4 Qg6 (23... Nc2 $16 {is a better defense.} 24. Nb5 Ncd4 25. Nfxd4 (25. Nbxd4 cxd4 26. Nxd4 Be7 $18) 25... cxd4 26. Nxd4 Be7) 24. Be4 $18 Qh5 25. Rd7 {[%emt 0:00:59] Threatens to win with Nb5.} Qh6 $2 (25... Re8 26. Nb5 Re7 27. Rxe7 Bxe7) 26. h4 (26. Nb5 $142) 26... g5 $2 (26... Qh5 27. Nb5 Nf4+ 28. Kg1 Qg4) 27. hxg5 Bxg5 (27... Nxg5 {might work better.} 28. Nxg5 Qxg5) 28. Bf5 {[%emt 0:04:10] Active counter play!} Bd8 29. Ne4 {[%emt 0:02:36] Strongly threatening Nd6.} Ng7 30. Rd6 Ne6 31. Bxe6 fxe6 32. Rxe6 Qh5 33. Nf6+ Bxf6 34. Rxf6+ Rf7 {[%emt 0:02:26] [#]} 35. Ng5 $1 {[%emt 0:00:00][%mdl 512] White mates.} Qxg5 (35... Nc2 36. Rxf7) 36. Qxf7+ Kh8 37. Qe8+ Kg7 38. Qf8# {[%emt 0:00:00] White took control after the opening.  Weighted Error Value: White=0.19 (very precise) /Black=0.78} 1-0

[Event "FIDE WSCC 50 2022"]
[Site "Assisi"]
[Date "2022.11.18"]
[Round "4.12"]
[White "Rocha, Sergio"]
[Black "Albadri Abd Al Sattar"]
[Result "1-0"]
[ECO "A05"]
[WhiteElo "2316"]
[BlackElo "2167"]
[Annotator "TA"]
[PlyCount "85"]
[EventDate "2022.11.14"]
[EventType "swiss"]
[EventCountry "ITA"]
[SourceTitle "playchess.com"]
[Source "ChessBase"]
[SourceQuality "1"]
[TimeControl "40/5400+30:1800+30"]

1. Nf3 Nf6 2. g3 g6 3. Bg2 Bg7 4. O-O O-O 5. d3 d6 6. c3 e5 {[%emt 0:00:17] A05: Réti Opening: 1 Nf3 Nf6.} 7. Qc2 Nc6 8. b4 a6 {[%emt 0:00:09] The position is equal.} 9. Nbd2 h6 10. a4 Be6 11. Bb2 Qd7 {[%emt 0:01:41] [#]} 12. d4 $146 ({Predecessor:} 12. Rfd1 Nh5 13. d4 exd4 14. Nxd4 Bh3 15. Bd5 Nxd4 16. cxd4 c6 17. Bf3 Rfe8 18. Nc4 {1-0 (39) Dreyer,M (2225)-Mordhorst,H (2310) Germany 1993}) 12... exd4 13. b5 Na5 14. Nxd4 Bh3 15. c4 Bxg2 16. Kxg2 b6 17. Bc3 Nb7 18. N2b3 (18. e4 $14) 18... Nc5 ({Black should play} 18... d5 $15 19. cxd5 Qxd5+ 20. Nf3 axb5 21. axb5 Rxa1 22. Rxa1 Re8) 19. Nxc5 $11 dxc5 20. Nc6 a5 (20... Rfe8 $11 {and Black is okay.}) 21. Rad1 Qe6 22. Bxf6 {[%emt 0:08:11] White is much more active. The black rooks are badly placed.} Bxf6 23. Rd5 (23. e4 $16) 23... Rfe8 24. e3 h5 $1 25. h3 Be7 $2 {[%emt 0:11:10][%mdl 8192] [#] White leaves nothing to chance now.} ({Better is} 25... Qe4+ $14 26. Qxe4 Rxe4) 26. e4 $18 Bf8 27. e5 Bg7 28. Qd3 f6 29. Qxg6 fxe5 30. Qxh5 e4 31. Re1 Rf8 32. Qg4 Rae8 33. Qxe6+ Rxe6 34. Re2 Rf3 35. Re3 {[%emt 0:07:53] Against Ra3} Ref6 36. Rxf3 (36. Rxe4 $2 {leads to mate.} Rxf2+ 37. Kg1 Rf1+ 38. Kh2 R6f2#) (36. Rd2 $18) 36... Rxf3 $4 {[%emt 0:02:29][%mdl 12288] Endgame [#] KRB-KRN} (36... exf3+ $16 37. Kh2 Re6) 37. Rf5 $3 Rc3 (37... Rxf5 38. Ne7+) 38. Ne7+ Kh7 39. Rh5+ Bh6 40. g4 Rxc4 41. g5 {[%emt 0:31:18] White mates.} Rxa4 42. Rxh6+ Kg7 43. Nf5+ {[%emt 0:00:12] Weighted Error Value: White=0.26 (precise) /Black=0.61} 1-0

[Event "FIDE WSCC 50 2022"]
[Site "Assisi"]
[Date "2022.11.18"]
[Round "4.13"]
[White "Meessen, Rudolf"]
[Black "Young, Angelo"]
[Result "1/2-1/2"]
[ECO "B07"]
[WhiteElo "2158"]
[BlackElo "2309"]
[Annotator "TA"]
[PlyCount "98"]
[EventDate "2022.11.14"]
[EventType "swiss"]
[EventCountry "ITA"]
[SourceTitle "playchess.com"]
[Source "ChessBase"]
[SourceQuality "1"]
[TimeControl "40/5400+30:1800+30"]

1. d4 Nf6 2. Nc3 d6 3. e4 c6 4. f4 Qa5 5. e5 Ne4 6. Qf3 d5 7. Bd3 {[%emt 0:00:38] B07: Pirc Defence: Miscellaneous Systems.} Na6 8. Kf1 (8. Nge2 $1 $16) 8... Nxc3 $11 9. Bd2 {[%emt 0:00:46][%mdl 64] [#] Pin. The position is equal.} e6 $146 ({Predecessor:} 9... Nb4 10. Bxc3 Qb6 11. Ne2 Nxd3 12. Qxd3 g6 13. Ng3 h5 14. h4 e6 15. Ne2 Bd7 {0-1 (50) Send,S (2175)-Bree,T (2252) Dortmund 2000}) 10. bxc3 (10. Ne2 $11) 10... c5 $1 $17 11. Qd1 c4 12. Be2 Ba3 13. h4 ({White should try} 13. Rb1) 13... O-O (13... Bb2 $17 {Strongly threatening ...Bd7.} 14. Rb1 Qxa2) 14. h5 (14. Rb1 $11 {keeps the balance.}) 14... f6 (14... Bb2 $17 15. Rb1 Qxa2) 15. Nf3 (15. exf6 $11 gxf6 16. h6) 15... Bb2 $15 16. h6 g6 (16... Bxa1 17. hxg7 Rf7 18. exf6 (18. Qxa1 f5 $15) 18... Rxf6 19. Qxa1 $14) 17. Rb1 Bxc3 18. Ke1 fxe5 19. fxe5 b5 (19... Bxd2+ $17 20. Qxd2 Qxa2) 20. Rf1 (20. Bxc3 $11 Qxc3+ 21. Qd2) 20... Bd7 $17 21. Bxc3 Qxc3+ 22. Qd2 Qxd2+ (22... Qa3 $15) 23. Kxd2 $11 b4 (23... Rf5 $11) 24. Nh2 ({Better is} 24. a3 $16) 24... Rxf1 25. Bxf1 Rb8 26. Ng4 Ba4 27. Be2 Nc7 28. Rf1 Ne8 29. a3 (29. Nf2 $11) 29... c3+ (29... b3 $17 30. Rb1 Rb6) 30. Ke3 (30. Kd3 $11 {remains equal.}) 30... bxa3 $17 31. Ra1 Bxc2 32. Rxa3 Rc8 {[%emt 0:00:26] Threatens to win with ...Bb1.} 33. Ra1 {[%emt 0:06:09] Against Bb1} (33. Rxa7 $15 Bb1 34. Nf2) 33... Bf5 34. Nf2 c2 35. Kd2 {[%emt 0:00:45] [#]} c1=Q+ $4 (35... g5 $1 $17 {stays on course. And now ...Nc7 would win.} 36. Rc1 Nc7) 36. Rxc1 $18 Rxc1 37. Kxc1 {[%emt 0:00:02][%mdl 4096] Endgame g4 is the strong threat. KBN-KBN} Nc7 $2 (37... g5 $16 {keeps fighting.}) 38. g4 Be4 {[%emt 0:00:10] [#]} 39. g5 (39. Nh3 $1 $18) 39... Bf5 $16 40. Kb2 {[%emt 0:00:28][%mdl 1024] White has strong compensation.} Kf7 41. Kc3 Na8 42. Kb4 Nb6 43. Bb5 Nc8 44. Ba6 Ne7 45. Kc5 {[%emt 0:00:00] Prevents Nc6.} Ng8 46. Kd6 Ne7 47. Kc5 Ng8 48. Kd6 Nxh6 $2 49. gxh6 $18 {Black must now prevent Nd1.} g5 {[%mdl 32768] Weighted Error Value: White=0.36/Black=0.36. An unexpected result.} 1/2-1/2

[Event "FIDE WSCC 50 2022"]
[Site "Assisi"]
[Date "2022.11.18"]
[Round "4.14"]
[White "Plotkin, Victor"]
[Black "Koganov, Mikhail"]
[Result "1/2-1/2"]
[ECO "C50"]
[WhiteElo "2290"]
[BlackElo "2158"]
[Annotator "TA"]
[PlyCount "97"]
[EventDate "2022.11.14"]
[EventType "swiss"]
[EventCountry "ITA"]
[SourceTitle "playchess.com"]
[Source "ChessBase"]
[SourceQuality "1"]
[TimeControl "40/5400+30:1800+30"]

1. e4 e5 2. Nf3 Nc6 3. Bc4 Bc5 4. d3 Nf6 5. Nc3 d6 6. Na4 Bb6 7. a3 Be6 8. Nxb6 axb6 9. Bxe6 fxe6 10. O-O O-O 11. c3 {[%emt 0:10:57] C50: Hungarian Defence and Giuoco Pianissimo.} Qe8 {[%emt 0:03:48] [#]} 12. Nh4 $146 ({Predecessor:} 12. Re1 h6 13. Bd2 Ng4 14. Rc1 Qf7 15. h3 Nf6 16. Be3 Qg6 17. Nh4 Qe8 18. Qb3 {0-1 (48) Fuhr,M (2136)-Marcotulli,G (1958) ICCF email 2002}) 12... Qh5 13. Qxh5 Nxh5 14. g3 Nf6 15. Be3 Rf7 16. f3 Rd8 17. Rad1 d5 18. exd5 exd5 19. Rfe1 Re8 20. Ng2 Rfe7 21. Bg5 Kf7 22. Ne3 Rd7 23. Bxf6 gxf6 24. Nf5 Ne7 25. Nxe7 Rdxe7 $11 {[%emt 0:00:22][%mdl 4096] Endgame KRR-KRR} 26. Kf2 c6 27. Rd2 Ke6 28. Rde2 Kd6 (28... Kf5 {feels hotter.} 29. g4+ Kf4 30. h4 e4) 29. g4 h5 30. h3 hxg4 31. hxg4 Rh8 32. d4 Rh2+ 33. Kg3 Rxe2 34. Rxe2 {[%emt 0:00:01] KR-KR} c5 35. dxe5+ fxe5 36. Rh2 c4 $2 {[%emt 0:00:57] [#]} (36... d4 $11 {and Black stays safe.}) 37. g5 $2 (37. f4 $1 $18) 37... d4 {[%emt 0:00:56] The position is equal.} 38. Kg4 d3 39. Kf5 {[%emt 0:06:09] And now Rh6+ would win.} Rf7+ 40. Ke4 Rf4+ 41. Ke3 Rf5 42. Rg2 Ke7 43. g6 {[%emt 0:00:00] [#] Hoping for g7.} Kf8 44. a4 Kg7 45. b3 cxb3 46. Rb2 Rf6 47. Kxd3 Rxf3+ 48. Ke4 Rxc3 49. Kxe5 {[%emt 0:00:00] Weighted Error Value: White=0.07 (flawless) /Black=0.11 (very precise)} 1/2-1/2

[Event "FIDE WSCC 50 2022"]
[Site "Assisi"]
[Date "2022.11.18"]
[Round "4.15"]
[White "Imanaliev, Taalaibek"]
[Black "Grant, Jonathan I M"]
[Result "0-1"]
[ECO "B10"]
[WhiteElo "2283"]
[BlackElo "2154"]
[Annotator "TA"]
[PlyCount "102"]
[EventDate "2022.11.14"]
[EventType "swiss"]
[EventCountry "ITA"]
[SourceTitle "playchess.com"]
[Source "ChessBase"]
[SourceQuality "1"]
[TimeControl "40/5400+30:1800+30"]

1. e4 c6 2. d3 d5 3. Nd2 e5 4. Ngf3 Bd6 5. g3 Nf6 6. Bg2 O-O 7. O-O Re8 8. Re1 a5 {[%emt 0:02:14] B10: Caro-Kann: 2 d3 and 2 c4.} 9. a4 Bg4 {[%emt 0:03:47] [#]} 10. Nf1 $146 ({Better is} 10. h3 $11 Be6 11. exd5 Bxd5 12. Ne4) ({Predecessor:} 10. Nb3 d4 11. Bg5 Bb4 12. Rf1 h6 13. Bd2 Bxd2 14. Qxd2 b6 15. Nh4 c5 16. h3 {0-1 (51) Khudaverdian,B (1770)-Heredia,J (1811) Montreal 2013}) 10... Na6 {[%emt 0:07:03] Black is slightly better.} 11. Bg5 h6 12. Bxf6 Qxf6 ({But not} 12... gxf6 13. Ne3 Bh5 14. exd5 $16) 13. Ne3 Be6 14. Nh4 (14. exd5 $11 Bxd5 15. Nxd5 cxd5 16. c3) 14... Nc7 {[%emt 0:06:19] Black is more active.} (14... d4 $17 15. Nc4 Bxc4 16. dxc4 Bb4) 15. Nhf5 $11 Bxf5 16. Nxf5 Bc5 17. Qf3 Rad8 18. Ne3 Qxf3 19. Bxf3 dxe4 20. Bxe4 Nd5 (20... Bxe3 $5 21. fxe3 g6 $11) 21. Nc4 Nf6 (21... b6 $11 {keeps the balance.}) 22. Bf3 e4 23. dxe4 b5 24. Nxa5 {[%emt 0:17:02] Black must now prevent Nb7.} Rd2 25. Nb3 $2 {[%emt 0:00:18][%mdl 8192] This costs White the game.} (25. Rf1 $16 {keeps the pressure on.}) 25... Bxf2+ $19 26. Kf1 Bxe1 {[%emt 0:00:10][%mdl 64] [#] Discovered Attack} ({Not} 26... Rxc2 27. Re2 Rxe2 28. Kxe2 bxa4 29. Rxa4 $11) 27. Nxd2 Bxd2 28. e5 Rxe5 29. Bxc6 bxa4 30. Rxa4 Rc5 31. Ra8+ Kh7 32. Ba4 Ra5 33. Rxa5 Bxa5 34. c3 Kg6 35. b4 Bc7 36. c4 Be5 37. c5 Nd5 38. b5 Bd4 39. c6 Bb6 40. Bb3 Nc7 41. Bc4 Kf6 42. Ke2 Ne8 43. Kf3 Nd6 44. Bf1 Ke5 45. h4 Ne4 {[%emt 0:00:00] [#] And now ...Nd2+ would win.} 46. Bd3 f5 47. Bc2 Nc5 (47... Nd6 $142 48. Bd3 Kd4) 48. g4 $2 (48. h5) 48... Ne6 {[%emt 0:00:00] ( -> ...Nd4+)} 49. Bd3 f4 50. h5 Ng5+ 51. Kg2 Kd4 {[%emt 0:00:00] Weighted Error Value: White=0.60/Black=0.24 (precise)} 0-1

[Event "FIDE WSCC 50 2022"]
[Site "Assisi"]
[Date "2022.11.20"]
[Round "6.1"]
[White "Holzke, Frank"]
[Black "Novik, Maxim"]
[Result "1-0"]
[ECO "D87"]
[WhiteElo "2476"]
[BlackElo "2412"]
[Annotator "TA"]
[PlyCount "105"]
[EventDate "2022.11.14"]
[EventType "swiss"]
[EventCountry "ITA"]
[SourceTitle "playchess.com"]
[Source "ChessBase"]
[SourceQuality "1"]
[TimeControl "40/5400+30:1800+30"]

1. d4 Nf6 2. c4 g6 3. Nc3 d5 4. cxd5 Nxd5 5. e4 Nxc3 6. bxc3 c5 7. Bc4 Bg7 8. Ne2 O-O 9. O-O Nc6 10. Be3 Na5 {[%emt 0:03:14] 10...Bg4 is the recent fashion.} 11. Bd3 b6 12. h4 {[%emt 0:02:08] [#] D87: Exchange Grünfeld: Classical Line: Variations without ...cxd4.} e5 $146 ({Predecessor:} 12... Bb7 13. h5 Rc8 14. Rc1 Qd7 15. Qd2 Rfd8 16. f3 Qa4 17. d5 e6 18. c4 exd5 19. exd5 Re8 {0-1 (97) Vantika,A (2286)-Gurel,E (2168) Chess.com INT 2020}) 13. Bg5 Bf6 14. Qd2 {[%emt 0:09:07] The position is equal.} cxd4 15. cxd4 exd4 16. Qf4 Bxg5 17. hxg5 Nb7 18. Rfd1 Nc5 19. Bc4 d3 20. Nc3 ({White should try} 20. Qe3 $11) 20... Be6 (20... Qd4 $1 $15 21. Bd5 Qxc3 $1 22. Bxa8 Bg4 $1 23. Qxg4 Rxa8) 21. Nd5 $11 Bxd5 22. exd5 Qd7 23. Bxd3 Rad8 24. Bc4 Qd6 25. Qxd6 Rxd6 26. Re1 Rfd8 27. Re7 R8d7 28. Re8+ Kg7 29. Rae1 Rd8 30. R8e7 R8d7 31. R7e3 Rd8 32. a3 h6 33. gxh6+ Kxh6 34. f4 Kg7 35. Kf2 a6 36. Kf3 R8d7 37. g4 b5 38. Ba2 f5 (38... Na4 $11) 39. gxf5 $14 gxf5 {[%emt 0:00:01] [#]} 40. Re5 $1 Kf6 (40... b4 $142) 41. Rh1 $16 Ne4 42. Rh5 Nc3 {[%emt 0:06:17] [#]} (42... Kg7 $16 {was called for.} 43. Rexf5 (43. Rhxf5 Nc3 $16) 43... Nf6) 43. Bb3 $1 $18 (43. Rexf5+ $6 Ke7 $16) (43. Rhxf5+ $6 Kg7 $16) 43... a5 44. Ke3 ({Much less strong is} 44. Rhxf5+ Kg7 45. Re1 Rf7 46. Rg5+ Kf8 $16) (44. Rexf5+ $6 Ke7 45. Rh8 a4 46. Re5+ Kf7 $16) 44... a4 45. Kd4 (45. Rexf5+ Ke7 46. Re5+ Kd8 $16) ({Don't do} 45. Rhxf5+ Kg7 46. Kd4 axb3) 45... Nb1 46. Bc2 Nxa3 (46... Nd2 $142 47. Bxf5 Rd8) 47. Bxf5 {[%emt 0:00:00] Rh6+ is the strong threat.} Rd8 48. Be6 {[%emt 0:00:00] White wants to mate with Ref5+.} Ra6 49. Kc5 {[%emt 0:00:00] White mates.} Rxe6 50. Rxe6+ Kg7 51. f5 Rc8+ 52. Rc6 Rg8 53. Rg5+ {[%emt 0:00:00] Weighted Error Value: White=0.04 (flawless) /Black=0.33} 1-0